 Dungeon Crawl Stone Soup version 0.30-a0-777-ga9a30cbeda (webtiles) character file.

Game seed: 10591383273762622943

24466 Oxelix the Unseen (level 12, 0/71 HPs)
             Began as a Spriggan Brigand on Feb 14, 2023.
             Was an Elder of Dithmenos.
             Slain by a three-headed hydra simulacrum (9 damage)
             ... in an ice cave.
             The game lasted 00:45:17 (12650 turns).

Oxelix the Unseen (Spriggan Brigand)               Turns: 12650, Time: 00:45:18

Health: 0/71       AC:  4    Str: 13    XL:     12   Next: 80%
Magic:  9/13       EV: 28    Int: 12    God:    Dithmenos [****..]
Gold:   514        SH:  0    Dex: 22    Spells: 11/11 levels left

rFire   x . .      SeeInvis +    F - +4 dagger (elec)
rCold   + . .      Faith    .    (no shield)
rNeg    + . .      Spirit   .    m - +1 robe of Fonuq {rPois rN+ Regen+}
rPois   +          Reflect  .    (helmet restricted)
rElec   .          Harm     .    r - +0 cloak
rCorr   .          Rampage  .    (gloves unavailable)
Will    ++...                    (boots unavailable)
Stlth   ++++++++++               I - amulet of regeneration
HPRegen 1.91/turn                B - ring of ice
MPRegen 0.13/turn                g - +6 ring of strength

@: wreathed by umbra, studying Fighting, very quick
A: very small, no large weapons, unfitting armour, see invisible, speed 3
a: Renounce Religion, Shadow Step


You were in an ice cave.
You worshipped Dithmenos.
Dithmenos was greatly pleased with you.
You visited 3 branches of the dungeon, and saw 12 of its levels.
You also visited: Bailey, Gauntlet and Ice Cave.

You collected 1042 gold pieces.
You spent 528 gold pieces at shops.

Inventory:

Hand Weapons
 F - a +4 dagger of electrocution (weapon)
 G - the +8 hand axe of the Piercing Gods {vamp, rN+ Str+3 Stlth+}
   (You found it on level 7 of the Dungeon)

   Str:       It affects your strength (+3).
   rN:        It protects you from negative energy.
   Stlth:     It makes you more stealthy.
 P - a +2 shortbow of freezing
Missiles
 d - 21 poisoned darts
 e - 2 curare-tipped darts
 A - 3 boomerangs (quivered)
 D - 2 throwing nets
 U - 2 atropa-tipped darts
Armour
 m - the +1 robe of Fonuq (worn) {rPois rN+ Regen+}
   (You found it on level 4 of the Dungeon)

   rPois:     It protects you from poison.
   rN:        It protects you from negative energy.
   Regen:     It increases your rate of health regeneration.
 r - a +0 cloak (worn)
 W - a +2 robe of willpower
Jewellery
 g - a +6 ring of strength (right hand)
 w - the ring of Meymeox {rElec rN+}
   (You found it on level 2 of the Dungeon)

   [ring of positive energy]

   rElec:     It insulates you from electricity.
   rN:        It protects you from negative energy.
 B - a ring of ice (left hand)
 I - an amulet of regeneration (around neck)
 O - a ring of resist corrosion
 R - the ring of Sabroott {rPois rCorr Dex+2}
   (You bought it in a shop on level 1 of the Dungeon)

   [ring of poison resistance]

   Dex:       It affects your dexterity (+2).
   rPois:     It protects you from poison.
   rCorr:     It protects you from acid and corrosion.
 Z - an amulet of the acrobat
Wands
 b - a wand of acid (3)
 E - a wand of digging (5)
 M - a wand of mindburst (5)
 N - a wand of charming (5)
 Q - a wand of iceblast (14)
Scrolls
 f - a scroll of torment {unknown}
 h - 4 scrolls of poison
 l - 4 scrolls of amnesia
 n - a scroll of magic mapping {unknown}
 o - 6 scrolls of teleportation
 q - 2 scrolls of noise
 s - 3 scrolls of vulnerability
 t - 2 scrolls of fear
 u - 2 scrolls of fog {unknown}
 v - 2 scrolls of butterflies {unknown}
 x - 2 scrolls of brand weapon {unknown}
 y - 2 scrolls of enchant weapon
 H - a scroll of silence {unknown}
 T - 2 scrolls of blinking {unknown}
Potions
 a - 2 potions of berserk rage {unknown}
 c - 2 potions of mutation {unknown}
 i - a potion of lignification {unknown}
 j - a potion of cancellation {unknown}
 k - 2 potions of flight {unknown}
 z - a potion of might {unknown}
 C - 5 potions of curing
 K - a potion of attraction {unknown}
 L - a potion of brilliance {unknown}
 V - a potion of ambrosia {unknown}
Miscellaneous
 X - a phial of floods


   Skills:
 - Level 12.0 Fighting
 - Level 10.0 Short Blades
 + Level 8.3 Throwing
 - Level 2.7 Armour
 - Level 12.0 Dodging
 - Level 16.0 Stealth
 + Level 2.2 Evocations


You had 11 spell levels left.
You didn't know any spells.
Your spell library contained the following spells:

 Spells                   Type           Power      Damage    Failure   Level
 Beastly Appendage        Tmut           0%         N/A       32%         1
 Freeze                   Ice            0%         1d3       32%         1
 Necrotise                Necr           0%         1d4       32%         1
 Sting                    Tmut/Pois      0%         1d3       32%         1
 Blink                    Tloc           0%         N/A       45%         2
 Lesser Beckoning         Tloc           0%         N/A       45%         2
 Momentum Strike          Conj/Tloc      0%         3d8       45%         2
 Poisonous Vapours        Pois/Air       0%         N/A       45%         2
 Wereblood                Tmut           0%         N/A       45%         2
 Frozen Ramparts          Ice            0%         1d1       69%         3
 Hailstorm                Conj/Ice       0%         3d3       69%         3
 Spider Form              Tmut/Pois      0%         N/A       69%         3
 Vampiric Draining        Necr           0%         2d6       69%         3
 Olgreb's Toxic Radiance  Pois           0%         N/A       97%         4
 Agony                    Necr           0%         N/A       100%        5


Dungeon Overview and Level Annotations

Branches:
Dungeon (9/15)             Temple (1/1) D:5            Lair (2/5) D:9
 Spider (0/4) Lair:2          Orc (0/2) D:9          Bailey (visited)
  IceCv (1/1)             Gauntlet (visited)
  Swamp: Lair:2-3    Shoals: Lair:2-3

Altars:
Ashenzari
Cheibriados
Dithmenos
Elyvilon
Fedhas
Gozag
Hepliaklqana
Kikubaaqudgha
Makhleb
Nemelex Xobeh
Okawaru
Qazlal
Ru
Sif Muna
Trog
Uskayaw
Vehumet
Wu Jian
Xom
Yredelemnul
Zin
The Shining One

Shops:
D:1 *=

Annotations:
D:3 3 runed translucent doors, Pascal76's ghost, amateur MfBe


Innate Abilities, Weirdness & Mutations

You are very small and have problems with some larger weapons.
You are too small for most types of armour.
You have supernaturally acute eyesight. (SInv)
You cover ground extremely quickly. (Speed+++)


Message History

The three-headed hydra simulacrum bites you!
The three-headed hydra simulacrum freezes you!
You resist.
The three-headed hydra simulacrum misses you.
The ice devil hits you! The ice devil freezes you! You resist.
* * * LOW HITPOINT WARNING * * *
You hit the ice devil but do no damage.
Lightning courses through the ice devil!
The ice devil is almost dead.
Your shadow hits the ice devil but does no damage.
You closely miss the ice devil.
The ice devil is almost dead.
Your shadow hits the ice devil with a dagger.
The ice devil completely misses you.
The three-headed hydra simulacrum bites you.
* * * LOW HITPOINT WARNING * * *
The three-headed hydra simulacrum freezes you!
You resist.
* * * LOW HITPOINT WARNING * * *
The three-headed hydra simulacrum misses you.
The three-headed hydra simulacrum closely misses you.
Okay, then.
Press: ? - help, v - describe, . - travel An ice covered rock wall.
This square is wreathed by an umbra.
As you read the scroll of fear, it crumbles to dust.
You assume a fearsome visage.
The ice devil looks frightened!
The three-headed hydra simulacrum is unaffected.
You hit the ice devil but do no damage.
Lightning courses through the ice devil!!
You kill the ice devil!
Dithmenos accepts your kill.
Your Evocations skill increases to level 2!
Aiming: Shadow Step
Press: ? - help, Dir - move target, f - three-headed hydra simulacrum
Aim: a three-headed hydra simulacrum (umbra)
You step into the three-headed hydra simulacrum's shadow.
The three-headed hydra simulacrum barely misses you.
The three-headed hydra simulacrum bites you!
You die...

##.###...##
#..###4....##.
#..######
##.W###4......#
##..##
#..###.W......#
#...## ##..#
#.......## ##...##
#..## #......##
##...####.##
##......# ##...##..#
##..#8..##
####..#Z.####..###([#
#.#....@.# #..## [[#
#...#...## ##..## ###
#.4###### ###..##
#○☼. ##.##..# ##☼..
##4uW#4.#
##..###Z#.Z..#4W#
#..○.4...#...##
Z...4ZW.#..##
8.4.ZZ8#####


You could see a freezing wraith and a three-headed hydra simulacrum.

Vanquished Creatures
  A minotaur (Gauntlet)
  A hydra (Lair:2)
  Harold (Lair:2)
  3 death yaks (D:9)
  A two-headed ogre (D:9)
  Nergalle (Lair:2)
  A pharaoh ant (Lair:2)
  The ghost of anKLM the Magician, a novice DEEE (D:7)
  Pikel (D:9)
  A wizard (Gauntlet)
  2 ugly things (IceCv)
  3 elephants (Lair:2)
  2 cane toads
  2 freezing wraiths (IceCv)
  5 komodo dragons
  3 rime drakes (Lair:2)
  6 ice devils (IceCv)
  2 polar bears
  2 hornets (D:9)
  A tarantella (Lair:2)
  7 blink frogs
  A jumping spider (Lair:2)
  17 yaks
  3 wyverns
  2 basilisks
  A redback (Lair:2)
  Menkaure (D:4)
  2 death yak simulacra (IceCv)
  A harpy simulacrum (IceCv)
  An acid dragon (D:9)
  5 water moccasins
  2 sky beasts (D:7)
  4 black bears
  7 orc warriors
  An ice beast (D:5)
  2 centaurs
  A kobold brigand (D:9)
  10 bullfrogs
  A necrophage (D:6)
  A gnoll sergeant (D:6)
  2 cane toad simulacra (IceCv)
  A two-headed ogre simulacrum (IceCv)
  2 scorpions
  5 wights (D:8)
  8 killer bees
  2 elephant simulacra (IceCv)
  3 howler monkeys
  3 hounds (D:5)
  5 orc priests
  Ijyb (D:5)
  Jessica (D:3)
  4 iguanas
  11 orc wizards
  5 hell rats
  A polar bear simulacrum (IceCv)
  A troll simulacrum (IceCv)
  3 wolf simulacra (IceCv)
  A naga simulacrum (IceCv)
  6 adders
  3 gnolls (D:6)
  4 white imps
  2 ufetubi
  2 worms
  54 orcs
  2 ball pythons
  A bat skeleton (D:2)
  10 endoplasms
  7 giant cockroaches
  10 hobgoblins
  10 jackals
  14 kobolds
  6 quokkas
  A ball python zombie (D:2)
  2 bats
  3 frilled lizards
  A giant cockroach zombie (D:2)
  7 goblins
  A jackal skeleton (D:2)
  A jackal zombie (D:2)
  10 rats
326 creatures vanquished.

Vanquished Creatures (others)
  A two-headed ogre simulacrum (IceCv)
  3 orcs (D:5)
  4 fungi
  10 plants
18 creatures vanquished.

Grand Total: 344 creatures vanquished

Notes
Turn   | Place    | Note
-------+----------+-------------------------------------------
     0 | D:1      | Oxelix the Spriggan Brigand began the quest for the Orb.
     0 | D:1      | Reached XP level 1. HP: 10/10 MP: 2/2
    35 | D:1      | Reached skill level 6 in Stealth
   265 | D:1      | Reached XP level 2. HP: 14/14 MP: 3/3
   544 | D:1      | Found Koocaum's Assorted Antiques.
   600 | D:1      | Bought a viscous brown potion for 20 gold pieces
   600 | D:1      | Bought a lumpy golden potion for 20 gold pieces
   600 | D:1      | Bought a fuming pink potion for 20 gold pieces
   641 | D:1      | Found Enabebb's One-of-a-Kind Rings.
   661 | D:1      | Reached skill level 7 in Stealth
   673 | D:1      | Reached XP level 3. HP: 15/18 MP: 4/4
   855 | D:2      | You fall into a shaft and drop 2 floors!
   919 | D:4      | Identified the +1 robe of Fonuq {rPois rN+ Regen+}
   941 | D:4      | Found a white marble altar of Elyvilon.
  1250 | D:3      | Noticed Jessica
  1250 | D:3      | Found a faded altar of an unknown god.
  1254 | D:3      | Killed Jessica
  1255 | D:3      | Reached XP level 4. HP: 22/22 MP: 5/5
  1338 | D:3      | Noticed a bullfrog
  1358 | D:3      | Killed a bullfrog
  1359 | D:3      | Reached skill level 8 in Stealth
  1359 | D:3      | Reached XP level 5. HP: 22/25 MP: 6/6
  2018 | D:2      | Identified the ring of Meymeox {rElec rN+}
  2215 | D:1      | Bought a +2 ring of protection for 100 gold pieces
  2406 | D:3      | Reached skill level 9 in Stealth
  2553 | D:3      | Noticed Pascal76's ghost (amateur MfBe)
  2555 | D:3      | Found a runed translucent gate.
  2556 | D:3      | Found a runed translucent gate.
  2556 | D:3      | Found a runed translucent gate.
  2926 | D:4      | Noticed Menkaure
  2933 | D:4      | Killed Menkaure
  2934 | D:4      | Reached XP level 6. HP: 25/30 MP: 7/7
  2984 | D:4      | Found a sparkling altar of Nemelex Xobeh.
  3158 | D:4      | Reached skill level 10 in Stealth
  3415 | D:5      | Entered Level 5 of the Dungeon
  3418 | D:5      | Reached XP level 7. HP: 33/33 MP: 8/8
  3493 | D:5      | Reached skill level 5 in Short Blades
  3493 | D:5      | Reached skill level 11 in Stealth
  3907 | D:5      | Reached skill level 12 in Stealth
  3995 | D:5      | Noticed Ijyb
  3998 | D:5      | Reached XP level 8. HP: 37/37 MP: 9/9
  4005 | D:5      | Killed Ijyb
  4054 | D:5      | Found a staircase to the Ecumenical Temple.
  4063 | Temple   | Entered the Ecumenical Temple
  4126 | Temple   | Became a worshipper of Dithmenos the Shadowed
  6062 | D:7      | Reached skill level 5 in Throwing
  6079 | D:7      | Found a runed translucent door.
  6084 | D:7      | Noticed anKLM's ghost (novice DEEE)
  6146 | D:7      | Killed anKLM's ghost
  6147 | D:7      | Reached XP level 9. HP: 36/41 MP: 10/10
  6342 | D:7      | Identified the +8 hand axe of the Piercing Gods {vamp, rN+
                  | Str+3 Stlth+}
  6431 | D:7      | Found a shimmering blue altar of Sif Muna.
  6445 | D:7      | Reached skill level 10 in Short Blades
  6524 | D:7      | Reached * piety under Dithmenos
  6672 | D:7      | Found a stormy altar of Qazlal.
  7365 | D:8      | Reached skill level 5 in Dodging
  7458 | D:8      | Found a flagged portal.
  7487 | Bailey   | Entered a bailey
  7608 | Bailey   | Reached ** piety under Dithmenos
  7754 | Bailey   | Reached XP level 10. HP: 49/49 MP: 11/11
  8070 | D:8      | Reached skill level 5 in Fighting
  8290 | D:8      | Found a glowing golden altar of the Shining One.
  8695 | D:9      | Found a staircase to the Orcish Mines.
  8834 | D:9      | Noticed a two-headed ogre
  8841 | D:9      | Killed a two-headed ogre
  8842 | D:9      | Reached skill level 10 in Dodging
  8938 | D:9      | Noticed a death yak
  8941 | D:9      | Found a staircase to the Lair.
  8941 | D:9      | Noticed Pikel
  8987 | D:9      | Killed a death yak
  9027 | D:9      | Noticed a death yak
  9029 | D:9      | Noticed a death yak
  9247 | D:9      | Killed a death yak
  9248 | D:9      | Reached XP level 11. HP: 46/58 MP: 12/12
  9272 | D:9      | Killed a death yak
  9354 | D:9      | Found a bloodstained altar of Trog.
  9490 | D:9      | Reached *** piety under Dithmenos
  9602 | D:9      | Killed Pikel
 10005 | D:1      | Bought the ring of Sabroott {rPois rCorr Dex+2} for 368
                  | gold pieces
 10173 | Lair:1   | Entered Level 1 of the Lair of Beasts
 10474 | Lair:1   | Found a gate leading to a gauntlet.
 10504 | Gauntlet | Entered a Gauntlet
 10504 | Gauntlet | Found a transporter.
 10504 | Gauntlet | Found a transporter.
 10504 | Gauntlet | Found a transporter.
 10510 | Gauntlet | Found a large runed translucent door.
 10511 | Gauntlet | Found a large runed translucent door.
 10512 | Gauntlet | Found a large runed translucent door.
 10512 | Gauntlet | Found a large runed translucent door.
 10512 | Gauntlet | Found a runed translucent door.
 10513 | Gauntlet | Found a large runed translucent door.
 10514 | Gauntlet | Found a transporter.
 10514 | Gauntlet | Noticed a wizard
 10519 | Gauntlet | Found a transporter.
 10527 | Gauntlet | Found a transporter.
 10533 | Gauntlet | Found a large runed translucent door.
 10534 | Gauntlet | Found a large runed translucent door.
 10535 | Gauntlet | Found a large runed translucent door.
 10537 | Gauntlet | Found a transporter.
 10537 | Gauntlet | Found a runed translucent gate.
 10537 | Gauntlet | Found a runed translucent gate.
 10538 | Gauntlet | Found a runed translucent door.
 10539 | Gauntlet | Found a large runed translucent door.
 10539 | Gauntlet | Found a large runed translucent door.
 10539 | Gauntlet | Found a large runed translucent door.
 10539 | Gauntlet | Found a large runed translucent door.
 10540 | Gauntlet | Found a large runed translucent door.
 10549 | Gauntlet | Found a large runed translucent door.
 10651 | Gauntlet | Killed a wizard
 10665 | Gauntlet | Noticed a catoblepas
 10682 | Gauntlet | Noticed a catoblepas
 10688 | Gauntlet | Found a transporter.
 10702 | Gauntlet | Found a transporter.
 10705 | Gauntlet | Found a transporter.
 10719 | Gauntlet | Found a transporter.
 10741 | Gauntlet | Noticed a hell hog
 10750 | Gauntlet | Found a transporter.
 10758 | Gauntlet | Noticed a minotaur
 10833 | Gauntlet | Killed a minotaur
 11359 | Lair:2   | Noticed Harold
 11391 | Lair:2   | Killed Harold
 11398 | Lair:2   | Reached skill level 13 in Stealth
 11432 | Lair:2   | Reached skill level 10 in Fighting
 11573 | Lair:2   | Reached XP level 12. HP: 68/68 MP: 13/13
 11620 | Lair:2   | Found a hole to the Spider Nest.
 11628 | Lair:2   | Noticed Nergalle
 11656 | Lair:2   | Reached skill level 14 in Stealth
 11796 | Lair:2   | Reached **** piety under Dithmenos
 11865 | Lair:2   | Killed Nergalle
 11866 | Lair:2   | Reached skill level 15 in Stealth
 11925 | Lair:2   | Noticed a five-headed hydra
 11932 | Lair:2   | Killed a five-headed hydra
 12043 | Lair:2   | Reached skill level 16 in Stealth
 12059 | Lair:2   | Found a frozen archway.
 12067 | IceCv    | Entered an ice cave
 12155 | IceCv    | Reached skill level 1 in Armour
 12398 | IceCv    | Found an ancient bone altar of Kikubaaqudgha.
 12609 | IceCv    | Reached skill level 1 in Evocations
 12650 | IceCv    | Slain by a three-headed hydra simulacrum

Illustrated notes

Levels and vault maps discovered:
D:1:      roderic_chinese_lattice_arrival, layout_rooms, serial_shops,
          nicolae_shop_overgrown_old_shop, nicolae_shop_unique_rings,
          ebering_dispersal_statue_hall
D:2:      layout_basic, serial_undead, serial_undead_b, serial_undead_e,
          serial_undead_e, serial_undead_f, serial_undead_d, serial_undead_b,
          serial_undead_e, serial_undead_a, serial_undead_c, serial_undead_f,
          minmay_pentomino_r4
D:3:      layout_rooms, ebering_ecumenical_altar_sacrificial,
          gammafunk_ghost_nasty_kobolds, chequers_serial_rivers_micro_e,
          uniq_jessica
D:4:      layout_loops_ring, lemuel_round_altar, kennysheep_mini_moat,
          uniq_menkaure
D:5:      layout_basic, lemuel_temple_firewalk_b, uniq_ijyb
D:6:      layout_basic, amethyst_killhole, dk_rats_in_the_wall
D:7:      layout_gridville, nicolae_qazlal_scattered_showers,
          mainiacjoe_overflow_paths, ebering_ghost_reflecting_pool
D:8:      layout_loops_corners, nicolae_tso_swordbearing_angel, enter_bailey_3,
          serial_bayou_pond_d, nrook_mini_vaults
D:9:      layout_gridville, mainiacjoe_overflow_alcove_2, dpeg_lair_monsters,
          orc_0_dummy, uniq_pikel
Temple:   nicolae_temple_x_marks_the_god
Lair:1:   layout_regular_city, gauntlet_entry_generic
Lair:2:   mu_elephants_graveyard, layout_gridlike,
          nicolae_spider_entry_lesser_pyramids, portal_ice_cave_rime,
          serial_bayou_pond_b, uniq_maggie, uniq_nergalle, uniq_harold
IceCv:    ice_cave_small_necro

Skill      XL: |  1  2  3  4  5  6  7  8  9 10 11 12 |
---------------+-------------------------------------+-----
Stealth        | 6 7 8 9 10 12 13 16 | 16.0
Short Blades   | 3 4 6 9 10 | 10.0
Throwing       | 3 4 5 7 8 |  8.3
Fighting       | 4 6 10 12 | 12.0
Dodging        | 5 10 12 | 12.0
Armour         | 2 |  2.7
Evocations     | 2 |  2.2

Action                     |  1- 3 |  4- 6 |  7- 9 | 10-12 || total
---------------------------+-------+-------+-------+-------++-------
  Melee: Dagger            |   100 |   208 |   236 |   639 ||  1183
         Punch             |       |     4 |     3 |    12 ||    19
         Short sword       |       |       |   159 |    69 ||   228
  Throw: Dart              |    24 |    32 |    76 |    69 ||   201
         Boomerang         |       |       |    24 |    55 ||    79
 Invoke: Shadow Step       |       |       |       |     2 ||     2
  Evoke: Wand              |       |     2 |       |    11 ||    13
    Use: Scroll            |       |     3 |     4 |     5 ||    12
         Potion            |       |       |       |     5 ||     5
   Stab: Sleeping          |    14 |    15 |    24 |    27 ||    80
         Distracted        |     1 |       |     1 |     7 ||     9
 Armour: Robe              |    15 |    27 |    41 |    27 ||   110
  Dodge: Dodged            |    69 |   112 |   180 |   472 ||   833

Table legend: (Time is in decaauts)
 A = Elapsed time spent in this place.
 B = Non-inter-level travel time spent in this place.
 C = Inter-level travel time spent in this place.
 D = Time resting spent in this place.
 E = Time spent auto-exploring this place.
 F = Levels seen in this place.
 G = Mean time per level.
                   A        B        C        D        E       F      G
               +--------+--------+--------+--------+--------+-----+--------+
         Total |   8173 |   7689 |    484 |    644 |   4131 |  15 |  544.9 |
       Dungeon |   6267 |   5799 |    468 |    414 |   3561 |   9 |  696.3 |
        Temple |     42 |     39 |      3 |      0 |     25 |   1 |   42.0 |
          Lair |    930 |    917 |     13 |     56 |    420 |   2 |  465.0 |
        Bailey |    258 |    258 |      0 |      0 |     68 |   1 |  258.0 |
      Ice Cave |    420 |    420 |      0 |    154 |     55 |   1 |  420.0 |
      Gauntlet |    253 |    253 |      0 |     20 |      1 |   1 |  253.0 |
               +--------+--------+--------+--------+--------+-----+--------+

Top non-repeatable levels by time:
     D:5: 862 daAuts
     D:9: 807 daAuts
     D:6: 763 daAuts
     D:8: 759 daAuts
     D:4: 703 daAuts
     D:7: 678 daAuts
     D:1: 623 daAuts
     D:2: 600 daAuts
  Lair:1: 476 daAuts
     D:3: 468 daAuts
  Lair:2: 454 daAuts
   IceCv: 420 daAuts
  Bailey: 258 daAuts
Gauntlet: 253 daAuts
  Temple: 42 daAuts
